 Dungeon Sprint DCSS version 0.19.0-19-g8c6edcc (webtiles) character file.

1214 poirepourri the Cleaver (level 8, -8/85 HPs)
             Began as a Deep Dwarf Fighter on Nov 12, 2016.
             Was a Follower of Makhleb.
             Mangled by Sonja
             ... wielding a +0 dagger of distortion
              (15 damage)
             ... in the Dungeon (Sprint I: "Red Sonja").
             The game lasted 00:02:29 (802 turns).

poirepourri the Cleaver (Deep Dwarf Fighter)         Turns: 802, Time: 00:02:29

Health: -8/85      AC:  8    Str: 21    XL:     8   Next: 22%
Magic:  5/5        EV: 11    Int:  9    God:    Makhleb [*.....]
Gold:   425        SH: 11    Dex: 13    Spells: 0 memorised, 7 levels left

rFire  . . .     SeeInvis .     a - +0 war axe
rCold  . . .     Gourm    .     b - +0 scale mail
rNeg   . . .     Faith    .     c - +0 shield
rPois  .         Spirit   .     (no helmet)
rElec  .         Reflect  .     (no cloak)
rCorr  .         Harm     .     (no gloves)
MR     +....     NoTele   +     (no boots)
Stlth  ..........               (no amulet)
                                (no ring)
                                (no ring)

@: non-regenerating
A: damage resistance, recharge devices, sense surroundings 1, slow regeneration
3
a: Device Recharging, Renounce Religion


You were in the Dungeon.
You worshipped Makhleb.
Makhleb was aware of your devotion.
You were not hungry.

You visited 1 branch You collected 425 gold pieces.

Inventory:

Hand Weapons
 a - a +0 war axe (weapon)
Armour
 b - a +0 scale mail (worn)
 c - a +0 shield (worn)
Wands
 e - a wand of heal wounds (3/9)
Scrolls
 l - a scroll of blinking
Potions
 d - a potion of might
 g - a potion of curing
 i - a potion of haste
 j - 2 potions of magic
 k - 3 potions of berserk rage
Comestibles
 f - a bread ration


   Skills:
 + Level 9.3 Fighting
 + Level 11.9 Axes
 - Level 8.2 Armour
 + Level 5.4 Dodging
 - Level 8.1 Shields
 - Level 2.1 Evocations


You had 7 spell levels left.
You didn't know any spells.

Dungeon Overview and Level Annotations

Branches:
Dungeon (1/1)

Altars:
Cheibriados
Dithmenos
Elyvilon
Fedhas
Gozag
Hepliaklqana
Kikubaaqudgha
Makhleb
Nemelex Xobeh
Okawaru
Qazlal
Ru
Sif Muna
Trog
Uskayaw
Vehumet
Xom
Yredelemnul
Zin
The Shining One
Jiyva
Lugonu

Shops:
D (

Annotations:
D Sonja


Innate Abilities, Weirdness & Mutations

You are resistant to damage.
You can recharge devices by infusing magical energy.
You passively map a small area around you.
You do not regenerate.


Message History

Zapping:
e - a wand of heal wounds (1/9)
Press: ? - help, Shift-Dir - straight line, f - you You feel much better.
This wand has 0 charges left.
Sonja mumbles some strange words.
Sonja blinks!
Charge which item? (? for menu, Esc to quit)
Your wand of heal wounds (0/9) glows for a moment and now has 3 charges.
Sonja gestures wildly while chanting.
Sonja blinks!
Sonja hits you with an uncursed dagger of distortion.
Space bends around you. Sonja hits you but does no damage.
Space warps horribly around you!
* * * LOW HITPOINT WARNING * * *
Sonja completely misses you.
Sonja hits you with an uncursed dagger of distortion!
* * * LOW HITPOINT WARNING * * *
Space warps horribly around you!
* * * LOW HITPOINT WARNING * * *
Sonja hits you but does no damage. Space warps horribly around you!
You die...

##########################
*
#<.#..').#..'..#__#..+)..#
#..').#..').#..'..'..#)..#
#..#####'#####'#__####...+
#..####..#...#K#### #####
#..#__####..##@# ≈ ,
#..#_____##'#..+≈ ,
#⌠⌠#_.∩...'.(._# ≈ ,
####_..__##_(#'# *
#_____###'#.# * , *
#########.### * ,, +$.$+ ,
* * #$.$# * * * *##.## ,,
,


You could see Sonja.

Vanquished Creatures
  2 kobold demonologists (D)
  A slime creature (D)
  Sigmund (D)
  A yak (D)
  A floating eye (D)
  An ogre (D)
  A jelly (D)
  Ijyb (D)
9 creatures vanquished.

Notes
Turn   | Place    | Note
-------+----------+-------------------------------------------
     0 | D        | poirepourri the Deep Dwarf Fighter began the quest for the Orb.
     0 | D        | Reached XP level 1. HP: 20/20 MP: 1/1
     2 | D        | Noticed Ijyb
    15 | D        | Killed Ijyb
    15 | D        | Reached skill level 3 in Axes
    15 | D        | Reached XP level 2. HP: 25/28 MP: 2/2
    20 | D        | Noticed an ogre
    28 | D        | Killed an ogre
    28 | D        | Reached skill level 5 in Fighting
    28 | D        | Reached skill level 4 in Axes
    28 | D        | Reached XP level 3. HP: 22/39 MP: 3/3
    28 | D        | Reached XP level 4. HP: 26/46 MP: 4/4
    42 | D        | Noticed Sigmund
    77 | D        | Killed Sigmund
    77 | D        | Reached skill level 5 in Axes
    77 | D        | Reached skill level 1 in Dodging
    77 | D        | Reached XP level 5. HP: 50/56 MP: 4/6
    77 | D        | Reached XP level 6. HP: 56/63 MP: 4/7
   176 | D        | Found a deep blue altar of Sif Muna.
   178 | D        | Found a radiant altar of Vehumet.
   313 | D        | Found Imiuvofecs's Antique Weapon Emporium.
   313 | D        | Found an ancient bone altar of Kikubaaqudgha.
   313 | D        | Found a hazy altar of Hepliaklqana.
   313 | D        | Found a stormy altar of Qazlal.
   313 | D        | Found a hide-covered altar of Uskayaw.
   313 | D        | Found a blossoming altar of Fedhas.
   313 | D        | Found a bloodstained altar of Trog.
   313 | D        | Found an iron altar of Okawaru.
   313 | D        | Found a basalt altar of Yredelemnul.
   313 | D        | Found a glowing golden altar of the Shining One.
   313 | D        | Found a snail-covered altar of Cheibriados.
   313 | D        | Found a sacrificial altar of Ru.
   313 | D        | Found a glowing silver altar of Zin.
   313 | D        | Found a shadowy altar of Dithmenos.
   313 | D        | Found a white marble altar of Elyvilon.
   313 | D        | Noticed a yak
   333 | D        | Killed a yak
   333 | D        | Reached skill level 7 in Axes
   334 | D        | Found an opulent altar of Gozag.
   335 | D        | Found a sparkling altar of Nemelex Xobeh.
   482 | D        | Found a burning altar of Makhleb.
   482 | D        | Found a viscous altar of Jiyva.
   482 | D        | Found a shimmering altar of Xom.
   482 | D        | Found a corrupted altar of Lugonu.
   482 | D        | Noticed a slime creature
   490 | D        | Killed a slime creature
   490 | D        | Reached skill level 9 in Axes
   490 | D        | Reached XP level 7. HP: 57/74 MP: 7/7
   493 | D        | Became a worshipper of Makhleb the Destroyer
   609 | D        | Noticed a kobold demonologist
   610 | D        | Noticed a kobold demonologist
   610 | D        | Paralysed by a floating eye for 3 turns
   615 | D        | Reached skill level 10 in Axes
   618 | D        | Noticed a hellwing
   622 | D        | Noticed a chaos spawn
   622 | D        | Killed a kobold demonologist
   622 | D        | Reached skill level 11 in Axes
   622 | D        | Reached skill level 5 in Dodging
   629 | D        | Killed a kobold demonologist
   629 | D        | Reached * piety under Makhleb
   629 | D        | Reached XP level 8. HP: 85/85 MP: 7/7
   738 | D        | Noticed Sonja
   802 | D        | Mangled by Sonja

Skill      XL: |  1  2  3  4  5  6  7 |
---------------+----------------------+-----
Fighting       | 3 5 6 8 9 |  9.3
Axes           | 3 4 5 9 11 | 11.9
Armour         | 4 6 8 |  8.2
Shields        | 4 6 7 8 |  8.1
Dodging        | 1 3 5 |  5.4
Evocations     | 2 |  2.1

Action                   |  1- 3 |  4- 6 |  7- 9 || total
-------------------------+-------+-------+-------++-------
Melee: War axe           |    18 |    43 |    49 ||   110
 Abil: Device Recharging |       |     1 |     3 ||     4
Evoke: Wand              |     2 |     7 |    12 ||    21
  Use: Potion            |       |       |     1 ||     1
Armor: Scale mail        |     4 |     6 |    55 ||    65
Dodge: Dodged            |     5 |    13 |    38 ||    56
Block: Shield            |     6 |    15 |    66 ||    87
